 Dungeon Crawl Stone Soup version 0.21.1-1-g345015f (webtiles) character file.

87703 aspa the Eclecticist (level 15, -3/94 HPs)
             Began as an Octopode Wizard on Mar 2, 2018.
             Was the Champion of Sif Muna.
             Hit by a large rock thrown by a cyclops (36 damage)
             ... on level 13 of the Dungeon on Mar 4, 2018.
             The game lasted 02:35:17 (29608 turns).

aspa the Eclecticist (Octopode Wizard)             Turns: 29608, Time: 02:35:18

Health: -3/94      AC: 12    Str:  8    XL:     15   Next: 91%
Magic:  0/39       EV: 14    Int: 40    God:    Sif Muna [******]
Gold:   1310       SH:  0    Dex: 21    Spells: 4/55 levels left

rFire    + + .     SeeInvis +   a - +5 dagger of Integrity {freeze, rF+ Int+4 Dex+4}
rCold    + . .     Gourm    .   (no shield)
rNeg     . . .     Faith    .   p - +2 hat
rPois    +         Spirit   .   S - amulet of magic regeneration
rElec    .         Reflect  .   t - ring of poison resistance
rCorr    .         Harm     .   y - ring of protection from fire
MR       +....                  F - ring of the Fool {Fire Int+2 Dex+3}
Stlth    +++++.....             M - ring of ice
HPRegen  0.00/turn              Q - ring of protection from cold
MPRegen  0.51/turn              A - ring of Autumn {Dex+3 SInv}
                                K - ring "Kainuy" {Str+2 Int+5}
                                Y - ring of stealth

@: icy armour, slow
A: almost no armour, stealthy swim, amphibious, 8 rings, constrict 8, camouflage
1, clever 1, inhibited regeneration, gelatinous body 1
a: Divine Energy, Channel Magic, Forget Spell, Renounce Religion


You were on level 13 of the Dungeon.
You worshipped Sif Muna.
Sif Muna was exalted by your worship.
You were not hungry.

You visited 3 branches of the dungeon, and saw 20 of its levels.
You also visited: Labyrinth, Sewer, Ossuary and Ice Cave.

You collected 1418 gold pieces.
You spent 96 gold pieces at shops.
You donated 12 gold pieces to Zin.

Inventory:

Hand Weapons
 a - the +5 dagger of Integrity (weapon) {freeze, rF+ Int+4 Dex+4}
   (You took it off an orc on level 8 of the Dungeon)

   It has been specially enchanted to freeze those struck by it, causing extra
   injury to most foes and up to half again as much damage against particularly
   susceptible opponents.
   It can also slow down cold-blooded creatures.
   It affects your intelligence (+4).
   It affects your dexterity (+4).
   It protects you from fire.
 b - a +3 halberd of protection
 V - a +3 flail of protection
Armour
 p - a +2 hat (worn)
Jewellery
 t - a ring of poison resistance (left tentacle)
 y - a ring of protection from fire (right tentacle)
 A - the ring of Autumn (on tentacle) {Dex+3 SInv}
   (You acquired it on level 2 of the Lair of Beasts)

   [ring of see invisible]

   It affects your dexterity (+3).
   It lets you see invisible.
 F - the ring of the Fool (on tentacle) {Fire Int+2 Dex+3}
   (You found it on level 8 of the Dungeon)

   [ring of fire]

   It enhances your fire magic.
   It affects your intelligence (+2).
   It affects your dexterity (+3).
   It protects you from fire.
   It makes you vulnerable to cold.
 K - the ring "Kainuy" (on tentacle) {Str+2 Int+5}
   (You found it in an ice cave)

   [ring of strength]

   It affects your strength (+2).
   It affects your intelligence (+5).
 M - a ring of ice (on tentacle)
 P - an uncursed ring of flight
 Q - a ring of protection from cold (on tentacle)
 S - an amulet of magic regeneration (around mantle)
 Y - a ring of stealth (on tentacle)
Wands
 i - a wand of flame (26)
 v - a wand of enslavement (19)
 x - a wand of digging (39)
 B - a wand of iceblast (19)
 I - a wand of polymorph (14)
 R - a wand of scattershot (5)
 T - a wand of acid (14)
Scrolls
 d - a scroll of fear
 g - 16 scrolls of teleportation
 h - 10 scrolls of remove curse
 j - 16 scrolls of identify
 l - 4 scrolls of blinking
 q - a scroll of enchant armour
 r - a scroll of enchant weapon
 s - 4 scrolls of immolation
 J - 2 scrolls of summoning {unknown}
 L - a scroll of torment
 N - a scroll of brand weapon {unknown}
 O - a scroll of magic mapping
Potions
 e - a potion of lignification
 f - 5 potions of haste
 m - 4 potions of heal wounds
 n - 2 potions of invisibility
 D - 2 potions of berserk rage
 E - 3 potions of curing
 G - 4 potions of resistance
 H - a potion of ambrosia
 W - a potion of brilliance
 X - 3 potions of flight
 Z - 2 potions of cancellation
Books
 o - Sif Muna's Handbook of Displacement and Stolen Souls
   (Sif Muna gifted it to you on level 13 of the Dungeon)

   Spells                             Type                      Level
   a - Pain                           Necromancy                   1
   b - Sublimation of Blood           Necromancy                   2
   c - Passage of Golubria            Translocation                4
   d - Borgnjor's Revivification      Necromancy                   8
 u - a book of Frost

   Spells                             Type                      Level
   a - Freeze                         Ice                          1
   b - Throw Frost                    Conjuration/Ice              2
   c - Ozocubu's Armour               Charms/Ice                   3
   d - Throw Icicle                   Conjuration/Ice              4
   e - Summon Ice Beast               Ice/Summoning                4
Miscellaneous
 z - a phial of floods
 U - a lamp of fire
Comestibles
 c - 43 rations
 k - 2 chunks of flesh


   Skills:
 * Level 5.6 Fighting
 - Level 2.0 Dodging
 - Level 2.6 Stealth
 + Level 20.6 Spellcasting
 - Level 8.0 Conjurations
 - Level 1.0 Summonings
 - Level 4.1 Necromancy
 - Level 4.0 Translocations
 - Level 4.0 Earth Magic
 - Level 8.0 Poison Magic


You had 4 spell levels left.
You knew the following spells:

 Your Spells              Type           Power        Failure   Level  Hunger
a - Magic Dart            Conj           ####         1%          1    None
b - Call Imp              Summ           #####...     1%          2    None
c - Mephitic Cloud        Conj/Pois/Air  ######..     1%          3    None
d - Blink                 Tloc           N/A          1%          2    None
e - Slow                  Hex            #####...     1%          2    None
f - Conjure Flame         Conj/Fire      #######.     1%          3    None
g - Force Lance           Conj/Tloc      ######..     1%          4    None
h - Stone Arrow           Conj/Erth      ######       1%          3    None
i - Ignite Poison         Fire/Tmut/Pois #######.     1%          3    None
j - Bolt of Draining      Conj/Necr      ######....   1%          5    None
k - Olgreb's Toxic Radia  Pois           #######.     1%          4    None
l - Poison Arrow          Conj/Pois      #######...   3%          6    None
m - Borgnjor's Vile Clut  Necr/Erth      ######....   3%          5    None
n - Animate Dead          Necr           N/A          1%          4    None
o - Summon Butterflies    Summ           #####...     1%          1    None
p - Ozocubu's Armour      Chrm/Ice       ######..     1%          3    None


Dungeon Overview and Level Annotations

Branches:
Dungeon (13/15)            Temple (1/1) D:4            Lair (6/6) D:9
 Shoals (0/4) Lair:3       Spider (0/4) Lair:4        Slime (0/5) Lair:5
    Orc (0/2) D:9
 Vaults: D:13-14

Altars:
Ashenzari
Cheibriados
Dithmenos
Elyvilon
Fedhas
Gozag
Hepliaklqana
Kikubaaqudgha
Makhleb
Nemelex Xobeh
Okawaru
Qazlal
Ru
Sif Muna
Trog
Uskayaw
Vehumet
Wu Jian
Xom
Yredelemnul
Zin
The Shining One

Shops:
D:4 (   D:6 !


Innate Abilities, Weirdness & Mutations

You cannot wear most types of armour.
You are very stealthy in the water. (Stealth+)
You are amphibious.
You can wear up to eight rings at the same time.
You can use your tentacles to constrict eight enemies at once.
Your skin changes colour to match your surroundings (Stealth+).
Your rubbery body absorbs attacks. (AC +1, EV +1)
Your mind is acute. (Int +2)
You do not regenerate when monsters are visible.


Message History

Aiming: Poison Arrow
Press: ? - help, Shift-Dir - straight line, f/p - ice dragon
Aim: an ice dragon (moderately wounded, catching its breath)
The poison arrow hits the ice dragon.
The ice dragon partially resists.
The ice dragon is poisoned.
The ice dragon is severely wounded.
The cyclops shouts!
Casting: Poison Arrow
Confirm with . or Enter, or press ? or * to list all spells.
You feel a surge of power!
You ignite the poison in your surroundings!
The ice dragon seems to burn from within!
You kill the ice dragon!
Sif Muna accepts your kill.
The cyclops throws a large rock.
The large rock hits you!!
Casting: Ignite Poison
Confirm with . or Enter, or press ? or * to list all spells.
You call on the dead to rise...
Nothing appears to happen.
The cyclops throws a large rock.
The large rock hits you!!!
You die...

############### ##
#.......##....#
.#....######.......##.##.#
.#....#...............##.####
.#....#.......#....#####....#
.#....#.......#....#........#
.#....#.......#....#.###.##.####
.#....#.......#....#.#...##....#
.#...........(..@<...#.#######.#
.##....#...C.#########.#######.##
..(....+.........>...............
###(...#.....#.#.#####.#######.##
# #....##......#.# #.# #.## #
####.##.#.#....# #.# #...
###....##.#.#....#####.# #### C
+....'.............#.# #
#....#....####.....#.#


You could see a cyclops.

Vanquished Creatures
  A frost giant (IceCv)
  A minotaur (Lab)
  The ghost of Serooblart the Fighter, a journeyman MiBe of Trog (D:11)
  Fannar (Lair:1)
  3 catoblepae (Lair:6)
  2 ice dragons
  5 hydras
  7 two-headed ogres
  7 death yaks
  Sonja (Lair:1)
  A shadow wraith (D:13)
  4 unseen horrors
  An iron troll (D:13)
  An orb spider (Lair:4)
  2 lindwurms (Lair:6)
  A deep elf mage (D:12)
  5 oklob plants
  A cyclops (D:13)
  A manticore (D:12)
  2 ugly things
  16 elephants
  4 molten gargoyles (D:12)
  2 guardian serpents (D:10)
  6 black mambas
  5 torpor snails (Lair:6)
  An ice statue (IceCv)
  4 rime drakes
  12 spiny frogs
  2 komodo dragons (Lair:6)
  A queen bee (Lair:3)
  2 trolls
  3 tyrant leeches (Lair:6)
  7 hornets
  A hornet (shapeshifter) (D:13)
  20 polar bears
  A slime creature (Lair:5)
  10 dream sheep
  11 blink frogs
  12 hippogriffs
  3 wyverns
  81 yaks
  A human (D:7)
  2 steam dragons (D:12)
  4 basilisks
  4 hogs (D:7)
  Edmund (D:4)
  15 water moccasins
  2 soldier ants
  Duvessa (D:4)
  An acid dragon (D:12)
  11 porcupines
  3 sky beasts
  An ice beast (D:7)
  6 orc warriors
  5 phantoms
  3 black bears
  A necrophage (D:9)
  23 wolves
  5 ogres
  6 centaurs
  20 crocodiles
  A big kobold (D:10)
  6 bullfrogs
  A gnoll sergeant (D:7)
  9 scorpions
  A wyvern skeleton (D:9)
  Dowan (D:4)
  24 killer bees
  7 wights (D:12)
  5 howler monkeys
  3 crimson imps
  A bullfrog zombie (D:11)
  3 human zombies (Ossuary)
  4 jellies
  5 hounds
  6 orc priests
  Crazy Yiuf (D:2)
  5 centaur zombies
  2 bullfrog skeletons
  2 centaur skeletons
  8 orc wizards
  4 iguanas
  11 worker ants
  Natasha (twice) (D:2)
  Terence (D:3)
  2 big kobold zombies (Ossuary)
  4 mummies
  10 gnolls
  13 adders
  3 scorpion zombies (Ossuary)
  3 shadow imps
  An ooze (D:1)
  An adder skeleton (D:4)
  2 worms
  2 dart slugs (D:3)
  13 leopard geckos
  48 orcs
  4 giant cockroaches
  A gnoll zombie (Ossuary)
  9 goblins
  8 hobgoblins
  10 jackals
  9 kobolds
  3 quokkas
  A ball python (D:3)
  5 bats
  2 frilled lizards
  2 goblin zombies (Ossuary)
  4 hobgoblin zombies
  A leopard gecko skeleton (D:4)
  4 orc zombies
  A quokka skeleton (D:5)
  4 rats
  2 fungi
  4 plants
656 creatures vanquished.

Vanquished Creatures (collateral kills)
  A hydra (Lair:6)
  A centaur zombie (D:13)
  A torpor snail (Lair:6)
  2 spiny frogs
  A komodo dragon (Lair:1)
  A hornet (Lair:6)
  2 hippogriffs
  5 blink frogs
  Sigmund (D:2)
  15 yaks
  3 water moccasins
  An orc warrior (D:11)
  A wolf (Lair:5)
  A crocodile (Lair:3)
  2 centaurs (Lair:3)
  A bullfrog (D:10)
  A scorpion (Ossuary)
  4 killer bees (Lair:3)
  A crimson imp (D:7)
  A jelly (D:10)
  A hound (D:13)
  2 orc wizards (D:11)
  Natasha (D:2)
  A worker ant (D:10)
  A gnoll (D:7)
  2 adders
  An orc (D:3)
  A frilled lizard (D:1)
  A kobold (D:2)
  7 fungi
  5 plants
69 creatures vanquished.

Vanquished Creatures (others)
  An air elemental (D:13)
  A water elemental (D:13)
  2 scorpions (Ossuary)
  An orc (D:6)
  A bush (Lair:6)
  14 fungi
  22 plants
42 creatures vanquished.

Grand Total: 767 creatures vanquished

Notes
Turn   | Place    | Note
-------+----------+-------------------------------------------
     0 | D:1      | aspa the Octopode Wizard began the quest for the Orb.
     0 | D:1      | Reached XP level 1. HP: 11/11 MP: 4/4
   483 | D:1      | Reached XP level 2. HP: 17/17 MP: 1/6
   487 | D:1      | Learned a level 2 spell: Blink
   534 | D:1      | Learned a level 2 spell: Call Imp
  1369 | D:1      | Reached XP level 3. HP: 13/21 MP: 0/8
  1374 | D:1      | Learned a level 3 spell: Mephitic Cloud
  1596 | D:2      | Reached skill level 4 in Spellcasting
  1693 | D:2      | Noticed Natasha
  1808 | D:2      | Killed Natasha
  1808 | D:2      | Reached XP level 4. HP: 18/27 MP: 2/10
  1812 | D:2      | Learned a level 2 spell: Slow
  1984 | D:2      | Noticed Natasha
  1993 | D:2      | Killed Natasha
  2070 | D:2      | Noticed Sigmund
  2347 | D:2      | Noticed Natasha
  2352 | D:2      | Killed Natasha
  2352 | D:2      | Reached XP level 5. HP: 22/31 MP: 3/12
  2357 | D:2      | Learned a level 3 spell: Conjure Flame
  2432 | D:2      | Found a runed door.
  2437 | D:2      | Noticed Crazy Yiuf
  2446 | D:2      | Killed Crazy Yiuf
  2643 | D:2      | Killed Sigmund
  2643 | D:2      | Reached skill level 5 in Spellcasting
  2643 | D:2      | Reached XP level 6. HP: 36/36 MP: 0/14
  2933 | D:3      | Reached skill level 6 in Spellcasting
  3273 | D:3      | Found a faded altar of an unknown god.
  3309 | D:3      | Became a worshipper of Zin the Law-Giver
  3309 | D:3      | Reached * piety under Zin
  3309 | D:3      | Reached ** piety under Zin
  3315 | D:3      | Noticed Terence
  3328 | D:3      | Fell from the grace of Zin
  3346 | D:3      | Killed Terence
  3726 | D:4      | Found a staircase to the Ecumenical Temple.
  3737 | D:4      | Reached XP level 7. HP: 41/41 MP: 13/17
  3795 | Temple   | Entered the Ecumenical Temple
  3917 | Temple   | Became a worshipper of Sif Muna the Loreminder
  3949 | D:4      | Noticed Edmund
  3961 | D:4      | Killed Edmund
  3961 | D:4      | Reached skill level 7 in Spellcasting
  4012 | D:4      | Noticed Duvessa
  4012 | D:4      | Noticed Dowan
  4050 | D:4      | Killed Dowan
  4055 | D:4      | Killed Duvessa
  4175 | D:4      | Reached skill level 8 in Spellcasting
  4199 | D:5      | Entered Level 5 of the Dungeon
  4219 | D:4      | Found a shattered altar of Ashenzari.
  4219 | D:4      | Found a glowing silver altar of Zin.
  4226 | D:4      | Found a glowing golden altar of the Shining One.
  4315 | D:5      | Noticed a troll
  4416 | D:4      | Found a shattered altar of Ashenzari.
  4475 | D:5      | Reached XP level 8. HP: 36/46 MP: 14/20
  4640 | D:5      | Found a glowing drain.
  4652 | Sewer    | Entered a sewer
  4766 | Sewer    | Reached * piety under Sif Muna
  5214 | D:5      | Killed a troll
  5214 | D:5      | Reached skill level 9 in Spellcasting
  5360 | D:4      | Found Vuxam's Weapon Shop.
  5391 | D:4      | Found a shadowy altar of Dithmenos.
  5682 | D:5      | Learned a level 4 spell: Force Lance
  6496 | D:7      | Found a hazy altar of Hepliaklqana.
  6503 | D:7      | Reached XP level 9. HP: 51/51 MP: 17/22
  6558 | D:7      | Found a sand-covered staircase.
  6658 | Ossuary  | Entered an ossuary
  6809 | Ossuary  | Reached ** piety under Sif Muna
  6927 | Ossuary  | Reached skill level 10 in Spellcasting
  7996 | D:6      | Found Nuetyupp's Distillery.
  8021 | D:6      | Bought a potion of mutation for 96 gold pieces
  8021 | D:6      | Gained mutation: You are somewhat resistant to further mutation. [potion of mutation]
  8131 | D:6      | Found an ancient bone altar of Kikubaaqudgha.
  9048 | D:7      | Reached skill level 11 in Spellcasting
  9053 | D:7      | Reached *** piety under Sif Muna
  9268 | D:7      | Reached XP level 10. HP: 35/56 MP: 0/25
  9420 | D:7      | Reached skill level 12 in Spellcasting
 10089 | D:8      | Noticed a two-headed ogre
 10180 | D:8      | Killed a two-headed ogre
 10180 | D:8      | Reached **** piety under Sif Muna
 10475 | D:9      | Noticed a two-headed ogre
 10501 | D:8      | Got a twitching silver ring
 10502 | D:8      | Identified the ring of the Fool {Fire Int+2 Dex+3} (You found it on level 8 of the Dungeon)
 10574 | D:8      | Noticed a two-headed ogre
 10628 | D:8      | Killed a two-headed ogre
 10628 | D:8      | Reached skill level 13 in Spellcasting
 11067 | D:8      | Got a blackened dagger {freeze}
 11068 | D:8      | Identified the +5 dagger of Integrity {freeze, rF+ Int+4 Dex+4} (You took it off an orc on level 8 of the Dungeon)
 11073 | D:8      | Learned a level 3 spell: Stone Arrow
 11182 | D:8      | Found a shimmering altar of Xom.
 11251 | D:9      | Found a staircase to the Orcish Mines.
 11264 | D:9      | Found a sparkling altar of Nemelex Xobeh.
 11266 | D:10     | Entered Level 10 of the Dungeon
 11305 | D:9      | Killed a two-headed ogre
 11305 | D:9      | Reached skill level 1 in Earth Magic
 11624 | D:9      | Reached XP level 11. HP: 61/61 MP: 15/28
 12195 | D:9      | Found a staircase to the Lair.
 12275 | D:9      | Noticed a two-headed ogre
 12284 | D:9      | Killed a two-headed ogre
 12284 | D:9      | Reached ***** piety under Sif Muna
 12284 | D:9      | Identified Sif Muna's Disquisition on Nocuous Arcane Weapons (Sif Muna gifted it to you on level 9 of the Dungeon)
 12284 | D:9      | Received a gift from Sif Muna
 12290 | D:9      | Learned a level 3 spell: Ignite Poison
 12403 | D:10     | Reached skill level 14 in Spellcasting
 12656 | D:10     | Killed an unseen horror
 13020 | D:11     | Noticed a two-headed ogre
 13869 | Lair:1   | Entered Level 1 of the Lair of Beasts
 13969 | Lair:1   | Noticed Sonja
 14072 | Lair:1   | Lost mutation: You are somewhat resistant to further mutation. [potion of mutation]
 14072 | Lair:1   | Gained mutation: You do not regenerate when monsters are visible. [potion of mutation]
 14072 | Lair:1   | Gained mutation: Your mind is acute. (Int +2) [potion of mutation]
 15053 | Lair:1   | Noticed Fannar
 15520 | Lair:2   | Identified a scroll of acquirement
 15521 | Lair:2   | Got a faintly glowing lead ring
 15522 | Lair:2   | Identified the ring of Autumn {Dex+3 SInv} (You acquired it on level 2 of the Lair of Beasts)
 15541 | Lair:2   | Reached skill level 15 in Spellcasting
 15558 | Lair:2   | Found a frozen archway.
 15756 | Lair:2   | Noticed an eight-headed hydra
 15886 | IceCv    | Entered an ice cave
 16077 | IceCv    | Reached XP level 12. HP: 66/66 MP: 19/31
 16140 | IceCv    | Learned a level 5 spell: Bolt of Draining
 16145 | IceCv    | Learned a level 4 spell: Olgreb's Toxic Radiance
 16161 | IceCv    | Identified Sif Muna's Improving Your Theurgy (Sif Muna gifted it to you in an ice cave)
 16161 | IceCv    | Received a gift from Sif Muna
 16171 | IceCv    | Reached skill level 1 in Necromancy
 16261 | IceCv    | Noticed a death yak
 16268 | IceCv    | Killed a death yak
 16495 | IceCv    | Reached skill level 16 in Spellcasting
 17257 | IceCv    | Noticed a death yak
 17257 | IceCv    | Noticed a frost giant
 17788 | IceCv    | Killed a frost giant
 17788 | IceCv    | Reached skill level 1 in Poison Magic
 17855 | IceCv    | Killed a death yak
 17855 | IceCv    | Reached skill level 17 in Spellcasting
 17855 | IceCv    | Reached XP level 13. HP: 71/71 MP: 7/34
 17918 | IceCv    | Got a wavering wooden ring
 17919 | IceCv    | Identified the ring "Kainuy" {Str+2 Int+5} (You found it in an ice cave)
 18414 | Lair:1   | Learned a level 6 spell: Poison Arrow
 18465 | Lair:1   | Killed Sonja
 18527 | Lair:1   | Killed Fannar
 18527 | Lair:1   | Identified Eddil's Incunabulum of Clay and the Birds (Sif Muna gifted it to you on level 1 of the Lair of Beasts)
 18527 | Lair:1   | Received a gift from Sif Muna
 18535 | Lair:1   | Learned a level 5 spell: Borgnjor's Vile Clutch
 19780 | Lair:3   | Reached skill level 5 in Conjurations
 20314 | Lair:3   | Reached skill level 5 in Poison Magic
 20315 | Lair:3   | Received a gift from Sif Muna
 20404 | Lair:3   | Learned a level 4 spell: Animate Dead
 20549 | Lair:3   | Found a staircase to the Shoals.
 20838 | Lair:3   | Reached skill level 18 in Spellcasting
 21574 | Lair:4   | Reached XP level 14. HP: 76/76 MP: 27/36
 21800 | Lair:4   | Found a hole to the Spider Nest.
 22448 | Lair:5   | Found a staircase to the Slime Pits.
 22642 | Lair:5   | Found a labyrinth entrance.
 22653 | Lab      | Entered a labyrinth
 22814 | Lab      | Identified Sif Muna's Disquisition on Enchanting Combat Magic (Sif Muna gifted it to you in a labyrinth)
 22814 | Lab      | Received a gift from Sif Muna
 22842 | Lab      | Got a smoking tin amulet
 22844 | Lab      | Identified the amulet "Xewibuv" {+Blink +Rage rF+} (You took it off a minotaur in a labyrinth)
 23424 | Lair:5   | Reached skill level 1 in Fighting
 23488 | Lair:5   | Learned a level 1 spell: Summon Butterflies
 23776 | Lair:6   | Entered Level 6 of the Lair of Beasts
 23798 | Lair:5   | Reached skill level 19 in Spellcasting
 24283 | Lair:6   | Reached XP level 15. HP: 88/88 MP: 9/38
 24322 | Lair:6   | Identified Sif Muna's Collected Works on Battle Magic (Sif Muna gifted it to you on level 6 of the Lair of Beasts)
 24322 | Lair:6   | Received a gift from Sif Muna
 25280 | Lair:6   | Found a runed door.
 25321 | Lair:6   | Reached ****** piety under Sif Muna
 25347 | Lair:6   | Paralysed by a hornet for 3 turns
 27406 | D:11     | Reached skill level 20 in Spellcasting
 27606 | D:11     | Noticed Serooblart's ghost (journeyman MiBe)
 27631 | D:11     | Killed Serooblart's ghost
 28260 | D:12     | Reached skill level 5 in Fighting
 28945 | D:13     | Identified Sif Muna's Handbook of Displacement and Stolen Souls (Sif Muna gifted it to you on level 13 of the Dungeon)
 28945 | D:13     | Received a gift from Sif Muna
 29114 | D:13     | Learned a level 3 spell: Ozocubu's Armour
 29608 | D:13     | Hit by a large rock thrown by a cyclops

Skill      XL: |  1  2  3  4  5  6  7  8  9 10 11 12 13 14 15 |
---------------+----------------------------------------------+-----
Spellcasting   | 4 5 6 8 9 11 13 15 17 18 19 20 | 20.6
Conjurations   | 2 3 4 6 8 |  8.0
Translocations | 2 4 |  4.0
Earth Magic    | 1 4 |  4.0
Necromancy     | 4 |  4.1
Poison Magic   | 2 6 8 |  8.0
Fighting       | 3 5 |  5.6
Dodging        | |  2.0
Stealth        | |  2.6
Summonings     | |  1.0

Action                   |  1- 3 |  4- 6 |  7- 9 | 10-12 | 13-15 || total
-------------------------+-------+-------+-------+-------+-------++-------
Melee: Unarmed           |    38 |    10 |       |       |       ||    48
       Constrict         |     8 |    17 |    43 |     7 |    17 ||    92
       Tentacles         |     2 |     5 |    20 |     9 |    28 ||    64
       Quarterstaff      |       |    27 |     3 |       |       ||    30
       Dire flail        |       |       |   131 |     9 |       ||   140
       Halberd           |       |       |     3 |       |       ||     3
       Trident           |       |       |    34 |    14 |       ||    48
       Dagger            |       |       |       |    33 |    76 ||   109
 Cast: Magic Dart        |    54 |   106 |   312 |   222 |    19 ||   713
       Call Imp          |     3 |     8 |    11 |    22 |     5 ||    49
       Blink             |     1 |       |     5 |    12 |    12 ||    30
       Mephitic Cloud    |       |     6 |    32 |    63 |    15 ||   116
       Conjure Flame     |       |       |    29 |    50 |     9 ||    88
       Force Lance       |       |       |     2 |    52 |    25 ||    79
       Stone Arrow       |       |       |       |    71 |    77 ||   148
       Ignite Poison     |       |       |       |    20 |    60 ||    80
       Olgreb's Toxic Ra |       |       |       |    10 |    45 ||    55
       Bolt of Draining  |       |       |       |     8 |   137 ||   145
       Animate Dead      |       |       |       |       |    66 ||    66
       Borgnjor's Vile C |       |       |       |       |    44 ||    44
       Poison Arrow      |       |       |       |       |    61 ||    61
       Summon Butterflie |       |       |       |       |     3 ||     3
       Ozocubu's Armour  |       |       |       |       |     4 ||     4
Invok: Recite            |       |     1 |       |       |       ||     1
       Renounce Religion |       |     1 |       |       |       ||     1
 Abil: Evoke Flight      |       |       |       |     1 |       ||     1
Evoke: Wand              |       |       |     2 |    10 |     2 ||    14
  Use: Scroll            |       |       |    10 |     5 |     4 ||    19
       Potion            |       |       |    10 |     9 |     1 ||    20
 Stab: Sleeping          |     4 |     5 |       |       |       ||     9
       Confused          |       |     1 |     6 |     2 |       ||     9
       Distracted        |       |       |     1 |       |     1 ||     2
  Eat: Chunk             |     3 |     6 |    14 |    19 |    19 ||    61
       Ration            |       |       |     1 |     2 |     5 ||     8
Armor: Skin              |     7 |     3 |    36 |     2 |     8 ||    56
Dodge: Dodged            |    32 |    22 |   142 |    56 |    78 ||   330
